 Dungeon Crawl Stone Soup version 0.28.0-43-g3370ac3207 (webtiles) character file.

Game seed: 13623537782294998108

4 Zeld the Gusty (level 1, -2/10 HPs)
             Began as a Tengu Air Elementalist on Apr 1, 2022.
             Slain by a hobgoblin (4 damage)
             ... on level 1 of the Dungeon.
             The game lasted 00:00:39 (187 turns).

Zeld the Gusty (Tengu Air Elementalist)              Turns: 187, Time: 00:00:40

Health: -2/10      AC:  2    Str:  8    XL:     1   Next: 70%
Magic:  0/4        EV: 12    Int: 15    God:
Gold:   10         SH:  0    Dex: 14    Spells: 3/4 levels left

rFire   . . .      SeeInvis .   (no weapon)
rCold   . . .      Faith    .   (no shield)
rNeg    . . .      Spirit   .   a - +0 robe
rPois   .          Reflect  .   (helmet restricted)
rElec   .          Harm     .   (no cloak)
rCorr   .          Rampage  .   (no gloves)
Will    .....                   (boots unavailable)
Stlth   ++........              (no amulet)
HPRegen 0.03/turn               (no ring)
MPRegen 0.09/turn               (no ring)

@: no status effects
A: beak, talons 3
a: no special abilities


You were on level 1 of the Dungeon.
You visited 1 branch of the dungeon, and saw 1 of its levels.

You collected 10 gold pieces.

Inventory:

Armour
 a - a +0 robe (worn)
Scrolls
 b - a scroll of immolation {unknown}
 c - a scroll of magic mapping {unknown}


   Skills:
 + Level 2.3 Dodging
 + Level 2.0 Stealth
 * Level 2.1 Spellcasting
 + Level 1.4 Conjurations
 * Level 4.1 Air Magic


You had 3 spell levels left.
You knew the following spells:

 Your Spells              Type           Power      Damage    Failure   Level
a - Shock                 Conj/Air       40%        1d5       7%          1

Your spell library contained the following spells:

 Spells                   Type           Power      Damage    Failure   Level
 Static Discharge         Conj/Air       10%        N/A       11%         2
 Swiftness                Air            14%        N/A       12%         3
 Airstrike                Air            7%         N/A       36%         4


Dungeon Overview and Level Annotations

Branches:
Dungeon (1/15)

Altars:


Innate Abilities, Weirdness & Mutations

You have a beak for a mouth.
You have claws for feet.


Message History

You hit the hobgoblin.
The hobgoblin is heavily wounded.
The kobold shouts!
The hobgoblin hits you.
The kobold throws a stone.
The stone barely misses you.
The hobgoblin hits you but does no damage.
The hobgoblin hits you.
* * * LOW HITPOINT WARNING * * *
Casting: Shock (safe; 7% risk of failure)
Confirm with . or Enter, or press ? or * to list all spells.
Aiming: Shock (safe; 7% risk of failure)
Press: ? - help, Shift-Dir - straight line, f/p - hobgoblin
Aim: a hobgoblin (68% to hit)
The zap hits the hobgoblin.
The hobgoblin is lightly wounded.
The zap hits the hobgoblin.
The hobgoblin is moderately wounded.
The zap hits the kobold.
You kill the kobold!
There is a fountain of clear blue water here.
Casting: Shock (safe; 7% risk of failure)
Confirm with . or Enter, or press ? or * to list all spells.
Aiming: Shock (safe; 7% risk of failure)
Press: ? - help, Shift-Dir - straight line, f/p - hobgoblin
Aim: a hobgoblin (lightly wounded, 68% to hit)
The zap hits the hobgoblin.
The hobgoblin is heavily wounded.
The zap hits the hobgoblin.
The hobgoblin is almost dead.
The hobgoblin closely misses you.
There is a fountain of clear blue water here.
Casting: Shock (safe; 7% risk of failure)
Confirm with . or Enter, or press ? or * to list all spells.
Aiming: Shock (safe; 7% risk of failure)
Press: ? - help, Shift-Dir - straight line, f/p - hobgoblin
Aim: a hobgoblin (heavily wounded, 68% to hit)
The zap hits the hobgoblin.
The hobgoblin is almost dead.
The zap misses the hobgoblin.
The hobgoblin hits you.
You die...

.....⌠...⌠.......#
..⌠.........⌠...##
.......≈.........# #
.⌠...........⌠...# ..
....≈.....≈.....<# ...
.⌠...........⌠...# ....
.......≈.........# .....
..⌠......(..⌠...##......
.....⌠...⌠....gg@..)....
...............##.......
###.........#### .......
. ########### ....... .
....... # .###### # .. .
.. #


You could see 2 hobgoblins.

Vanquished Creatures
  An endoplasm (D:1)
  2 frilled lizards (D:1)
  A goblin (D:1)
  2 kobolds (D:1)
6 creatures vanquished.

Notes
Turn   | Place    | Note
-------+----------+-------------------------------------------
     0 | D:1      | Zeld the Tengu Air Elementalist began the quest for the
                  | Orb.
     0 | D:1      | Reached XP level 1. HP: 10/10 MP: 4/4
   108 | D:1      | Found a faded altar of an unknown god.
   187 | D:1      | Slain by a hobgoblin

Illustrated notes

Levels and vault maps discovered:
D:1:      dpeg_arrival_stone_temple_mockup, layout_rooms,
          chequers_ecumenical_altar_island, serial_park_tiny_pond

Action                   || total
-------------------------++-------
Melee: Unarmed           ||     4
       Kick              ||     1
       Peck              ||     1
 Cast: Shock             ||    13
Armor: Robe              ||     1
Dodge: Dodged            ||     4
